 Dungeon Crawl Stone Soup version 0.21.1-1-g345015f (webtiles) character file.

56 glosham the Bolt Thrower (level 3, 0/27 HPs)
             Began as a Vine Stalker Hunter on May 31, 2018.
             Slain by a bullfrog (1 damage)
             ... on level 6 of the Dungeon.
             The game lasted 00:10:45 (1081 turns).

glosham the Bolt Thrower (Vine Stalker Hunter)      Turns: 1081, Time: 00:10:45

Health: 0/27       AC: 21    Str: 14    XL:     3   Next: 97%
Magic:  0/4        EV:  2    Int: 17    God:
Gold:   95         SH:  0    Dex: 14    Spells: 2/2 levels left

rFire    . . .     SeeInvis .     - Unarmed
rCold    . . .     Gourm    .   (no shield)
rNeg     + + +     Faith    .   (armour currently unavailable)
rPois    +         Spirit   +   (helmet currently unavailable)
rElec    .         Reflect  .   (cloak currently unavailable)
rCorr    .         Harm     .   (gloves currently unavailable)
MR       .....     NoTele   +   (boots currently unavailable)
Stlth    ++........             (no amulet)
HPRegen  0.09/turn              (no ring)
MPRegen  0.09/turn              (no ring)

@: brilliant, tree-form
A: magic shield, no potion heal 3, rot immunity
a: no special abilities


You were on level 6 of the Dungeon.
You were hungry.
You were a tree.
You visited 1 branch of the dungeon, and saw 4 of its levels.

You collected 95 gold pieces.

Inventory:

Hand Weapons
 b - a +1 hand crossbow
 c - a +0 short sword
Missiles
 a - 20 bolts
Armour
 d - a +0 leather armour
 n - a +0 scale mail (melded)
 X - a +0 ring mail
Scrolls
 g - 2 scrolls of teleportation {unknown}
 k - a scroll of amnesia {unknown}
 l - 2 scrolls of identify {unknown}
 m - a scroll of enchant armour {unknown}
Potions
 e - a potion of curing {unknown}
 h - a potion of agility {unknown}
 i - a potion of brilliance
 j - a potion of lignification
Comestibles
 f - 3 rations


   Skills:
 - Level 1.7 Fighting
 - Level 3.6 Crossbows
 - Level 1.5 Dodging
 - Level 1.2 Stealth
 * Level 3.4 Unarmed Combat


You had 2 spell levels left.
You didn't know any spells.

Dungeon Overview and Level Annotations

Branches:
Dungeon (3/15)

Altars:


Innate Abilities, Weirdness & Mutations

((You have extremely sharp teeth.))
When hurt, damage is shared between your health and your magic reserves.
((Your bite disrupts and absorbs the magic of your enemies.))
Potions cannot restore your health.
You are immune to rotting.


Message History

The centaur skeleton hits you.
You hit the centaur skeleton but do no damage.
The centaur skeleton is severely damaged.
The centaur skeleton hits you.
You hit the centaur skeleton.
The centaur skeleton is severely damaged.
The centaur skeleton hits you.
* * * LOW HITPOINT WARNING * * *
The centaur skeleton hits you but does no damage.
You hit the centaur skeleton.
The centaur skeleton is almost destroyed.
The centaur skeleton hits you.
* * * LOW HITPOINT WARNING * * *
You hit the centaur skeleton.
You destroy the centaur skeleton!
Your Unarmed Combat skill increases to level 3!
A scorpion comes into view.
Found a scroll labeled ELEFIW ALLIU.
Found a stone staircase leading down.
Found a rapier.
An ogre comes into view. It is wielding a giant spiked club.
The ogre shouts!
You hear a howl!
Found 17 poisoned needles.
A bullfrog comes into view.
The bullfrog gives a loud, deep croak!
The bullfrog releases a deep croak.
Found a scroll labeled ZIUBBO WELIBALE.
It was a potion of brilliance.
You feel clever all of a sudden. The bullfrog barely misses you.
It was a potion of lignification.
You turn into a tree.
Your +0 scale mail melds into your body.
Your roots penetrate the ground.
The bullfrog hits you.
* * * LOW HITPOINT WARNING * * *
The bullfrog hits you but does no damage.
You hit the bullfrog but do no damage. The bullfrog completely misses you.
You smack the bullfrog!
The bullfrog is moderately wounded.
The bullfrog hits you but does no damage.
The bullfrog hits you.
You die...

. ##... ...?. ..?.. #...#
.... .....##.#.# #..#
##.......#.# ...# .
##....#....<##.#.# ..
........##.....#)# ...
#...........##.# ....
#....##..##....##.....
..###...sF♣.######..>.....
........O#### ##..#.....
####.#.## #####..## ...(
#...#####......# ..
#......O..####.#
#.######### .... ...
...... ..#. #.#..## ....#
#...##


You could see an ogre, a bullfrog and a scorpion.

Vanquished Creatures
  A centaur skeleton (D:6)
  A leopard gecko (D:1)
  3 giant cockroaches (D:1)
  3 goblins (D:1)
  3 hobgoblins (D:1)
  3 jackals (D:1)
  2 bats (D:1)
  A frilled lizard (D:1)
  4 kobolds (D:1)
  7 rats (D:1)
28 creatures vanquished.

Notes
Turn   | Place    | Note
-------+----------+-------------------------------------------
     0 | D:1      | glosham the Vine Stalker Hunter began the quest for the Orb.
     0 | D:1      | Reached XP level 1. HP: 11/11 MP: 2/2
   101 | D:1      | Reached skill level 1 in Unarmed Combat
   288 | D:1      | Reached XP level 2. HP: 9/15 MP: 1/3
   534 | D:1      | Reached skill level 2 in Unarmed Combat
   888 | D:1      | Reached XP level 3. HP: 12/18 MP: 4/4
  1045 | D:3      | You fall through a shaft for 3 floors!
  1054 | D:6      | HP: 1/18 [centaur skeleton (1)]
  1055 | D:6      | Reached skill level 3 in Unarmed Combat
  1056 | D:6      | Noticed a scorpion
  1061 | D:6      | Noticed an ogre
  1073 | D:6      | Noticed a bullfrog
  1079 | D:6      | HP: 1/27 [bullfrog (2)]
  1081 | D:6      | Slain by a bullfrog

Skill      XL: |  1  2  3 |
---------------+----------+-----
Unarmed Combat | 1 2 3 |  3.4
Fighting       | |  1.7
Crossbows      | |  3.6
Dodging        | |  1.5
Stealth        | |  1.2

Action                   || total
-------------------------++-------
Melee: Short sword       ||    36
       Bite              ||    17
       Punch             ||     1
       Unarmed           ||    61
  Use: Potion            ||     2
Armor: Leather armour    ||    21
       Scale mail        ||     2
       Skin              ||     2
Dodge: Dodged            ||    52

Table legend:
 A = Turns spent in this place as a percentage of turns spent in the entire game.
 B = Non-inter-level travel turns spent in this place as a percentage of non-inter-level travel turns spent in the entire game.
 C = Inter-level travel turns spent in this place as a percentage of turns spent in this place.
 D = Turns resting spent in this place as a percentage of non-inter-level travel turns spent in this place.
 E = Turns spent auto-exploring this place as a percentage of non-inter-level travel turns spent in this place.
 F = Non-inter-level travel turns spent in this place divided by the number of levels of this place that you've seen.
                   A       B       C       D       E      F
               +-------+-------+-------+-------+-------+----------------------
         Total | 100.0 | 100.0 |   2.6 |   0.0 |   0.0 | 263.2
       Dungeon | 100.0 | 100.0 |   2.6 |   0.0 |   0.0 | 263.2
               +-------+-------+-------+-------+-------+----------------------

Table legend:
 A = Kills in this place as a percentage of kills in entire the game.
 B = Kills by you in this place as a percentage of kills by you in the entire game.
 C = Kills by friends in this place as a percentage of kills by friends in the entire game.
 D = Other kills in this place as a percentage of other kills in the entire game.
 E = Experience gained in this place as a percentage of experience gained in the entire game.
 F = Experience gained in this place divided by the number of levels of this place that you have seen.
                   A       B       C       D       E      F
               +-------+-------+-------+-------+-------+----------------------
         Total | 100.0 | 100.0 |   N/A |   N/A | 100.0 |  20.2
       Dungeon | 100.0 | 100.0 |   N/A |   N/A | 100.0 |  20.2
               +-------+-------+-------+-------+-------+----------------------

Vault maps used:
D:1:      sevenhm_arrival_forest_fort_small_6, kennysheep_flooded_box
D:3:      lemuel_crystal_altar, first_ration, uniq_ijyb
D:6:      old_standard_altar, uniq_edmund
